AoeStats
← 海霸天

Oasis

510020819Analyzed
4v4 RM · 4d ago on Sep 29, 2026· 47m 9s· 8 players
Game mode
Random Map
Map size
Large (8 player)
Population
200
Speed
Normal
Resources
Standard
Victory
Conquest
Starting age
Dark Age
Ending age
Imperial Age
RankedLock teamsTeams togetherTeam positionsShared explorationLock speedFull tech treeHidden civsTurbo modeCheats
Victory
Defeat
🇪🇨 Italians · Ecuador
758
+21
🇲🇽 Britons · Mexico
678
+24
🇺🇸 Vietnamese · United States
655
+40
🇹🇼 Mongols · Taiwan
649
+24
🇨🇱 Spanish · Chile
891
-24
🇨🇱 Burgundians · Chile
870
-24
🇨🇱 Franks · Chile
848
-23
🇨🇱 Goths · Chile
829
-22
UnknownAxis0
12:05 Feudal Age
16:30 Castle Age
18:39 Horse Collar
18:46 Double-Bit Axe
25:40 Wheelbarrow
25:34 Heavy Plow
28:18 Gold Mining
32:09 Imperial Age
29:31 Loom
30:12 Hand Cart
30:42 Fletching
30:53 Padded Archer Armor
30:19 Pikeman
30:49 Arson
31:48 Forging
31:38 Scale Mail Armor
31:39 Stone Mining
31:39 Town Watch
32:34 Town Patrol
33:02 Bodkin Arrow
33:23 Leather Archer Armor
33:45 Iron Casting
33:25 Chain Mail Armor
32:56 Halberdier
35:55 Plate Mail Armor
35:28 Bracer
35:58 Ring Archer Armor
36:34 Chemistry
43:54 Chatras
La Morte Noire
11:12 Feudal Age
15:00 Castle Age
13:25 Double-Bit Axe
14:15 Horse Collar
15:35 Wheelbarrow
16:16 Bow Saw
16:09 Heavy Plow
26:20 Gold Mining
26:25 Stone Mining
30:16 Imperial Age
28:34 Gold Shaft Mining
27:54 Fletching
28:05 Padded Archer Armor
28:34 Bodkin Arrow
29:00 Hand Cart
28:31 Loom
29:32 Leather Archer Armor
29:43 Ballistics
32:09 Chemistry
31:12 Bracer
31:43 Ring Archer Armor
33:52 Conscription
34:58 Yeomen
36:02 Two-Man Saw
34:33 Elite Longbowman
36:06 Siege Engineers
36:54 Warwolf
37:20 Sappers
37:50 Murder Holes
38:11 Masonry
38:47 Hoardings
Breyder25
3:23 Loom
13:28 Feudal Age
14:46 Double-Bit Axe
14:49 Horse Collar
22:35 Castle Age
21:06 Gold Mining
21:27 Stone Mining
23:04 Scale Mail Armor
25:30 Squires
26:23 Chain Mail Armor
26:54 Pikeman
28:18 Forging
27:34 Pikeman
30:10 Arson
31:27 Iron Casting
31:34 Fletching
31:19 Man-at-Arms
38:59 Wheelbarrow
40:10 Silk Road
40:48 Bow Saw
40:32 Town Watch
43:22 Bloodlines
43:39 Scale Barding Armor
44:53 Husbandry
44:25 Long Swordsman
45:33 Chain Barding Armor
海霸天
12:08 Feudal Age
10:58 Loom
12:33 Horse Collar
13:02 Double-Bit Axe
14:45 Wheelbarrow
22:49 Castle Age
20:35 Town Watch
20:47 Gold Mining
20:48 Stone Mining
25:45 Bow Saw
25:54 Hand Cart
26:35 Squires
25:55 Pikeman
31:21 Heavy Plow
32:57 Fletching
33:00 Elite Skirmisher
34:33 Fortified Wall
37:12 Imperial Age
36:55 Thumb Ring
38:09 Imperial Skirmisher
40:24 Chemistry
39:44 Ballistics
39:25 Bodkin Arrow
39:31 Padded Archer Armor
40:20 Conscription
40:25 Drill
41:58 Parthian Tactics
42:16 Heavy Cavalry Archer
cabronXone
0:47 Loom
14:31 Feudal Age
19:19 Gold Mining
19:20 Stone Mining
20:09 Fletching
25:43 Castle Age
23:38 Double-Bit Axe
24:33 Forging
24:23 Scale Mail Armor
24:29 Scale Barding Armor
24:24 Padded Archer Armor
27:52 Gambesons
27:28 Man-at-Arms
27:28 Pikeman
28:09 Squires
27:54 Arson
29:15 Bow Saw
33:27 Elite Skirmisher
36:20 Wheelbarrow
39:54 Imperial Age
37:59 Chain Barding Armor
37:54 Chain Mail Armor
37:55 Leather Archer Armor
38:43 Gold Shaft Mining
37:53 Long Swordsman
39:28 Coinage
41:42 Bodkin Arrow
45:35 Iron Casting
45:30 Plate Mail Armor
46:36 Conscription
45:38 Ordonnance Companies
ricardorodriguez2978
0:31 Loom
11:23 Feudal Age
15:01 Double-Bit Axe
21:10 Castle Age
20:30 Town Watch
20:45 Horse Collar
28:35 Squires
29:49 Man-at-Arms
30:26 Long Swordsman
35:01 Bow Saw
35:30 Wheelbarrow
34:57 Town Patrol
36:00 Scale Mail Armor
36:10 Forging
37:03 Caravan
38:10 Anarchy
41:00 Imperial Age
40:19 Hand Cart
41:37 Elite Huskarl
45:02 Perfusion
cruzadometalero
6:58 Double-Bit Axe
9:27 Loom
12:05 Feudal Age
11:21 Horse Collar
14:04 Bow Saw
16:30 Heavy Plow
19:33 Castle Age
18:17 Gold Mining
19:28 Caravan
23:18 Wheelbarrow
22:29 Town Watch
23:51 Husbandry
25:41 Two-Man Saw
24:54 Cavalier
26:37 Hand Cart
27:57 Forging
27:53 Scale Barding Armor
27:40 Fletching
27:48 Stone Mining
28:34 Gold Shaft Mining
33:25 Chain Barding Armor
33:40 Iron Casting
33:08 Town Patrol
38:32 Imperial Age
38:22 Elite Skirmisher
40:33 Plate Barding Armor
40:58 Blast Furnace
39:59 Padded Archer Armor
46:19 Leather Archer Armor
Hunterkiller
12:11 Feudal Age
14:03 Horse Collar
17:03 Castle Age
15:01 Double-Bit Axe
16:45 Stone Mining
22:09 Loom
26:24 Caravan
27:15 Ballistics
27:00 Padded Archer Armor
28:36 Bow Saw
29:21 Leather Archer Armor
29:24 Fletching
29:47 Gold Mining
34:47 Imperial Age
34:59 Masonry
35:03 Elite Conquistador
36:25 Ring Archer Armor
38:12 Wheelbarrow
39:00 Forging
38:51 Scale Mail Armor
38:58 Scale Barding Armor
39:34 Husbandry
39:04 Cavalier
41:18 Chain Barding Armor
42:44 Paladin
Connection lost

Rejoining the realm…

Still unreachable

The connection could not be restored.

Session expired

The server has moved on; the page needs a fresh start.